 Dungeon Crawl Stone Soup version 0.14-a0-1773-ge500af7 (webtiles) character file.

173 Mitsuki the Covered (level 4, -4/33 HPs)
             Began as a Formicid Fighter on Jan 6, 2014.
             Killed from afar by an orc wizard (6 damage)
             ... with a magic dart
             ... on Level 4 of the Dungeon.
             The game lasted 00:05:04 (1613 turns).

Mitsuki the Covered (Formicid Fighter)              Turns: 1613, Time: 00:05:06

HP  -4/33        AC 13     Str 22      XL: 4   Next: 96%
MP   4/4         EV  3     Int  7      God:
Gold 94          SH 19     Dex 10      Spells:  0 memorised,  3 levels left

rFire  . . .     SeeInvis +     a - +0 hand axe
rCold  . . .     Clarity  .     n - +0 plate armour
rNeg   . . .     Conserve .     c - +0 shield
rPois  x         rCorr    .     (helmet unavailable)
rElec  .         rRot     .     (no cloak)
SustAb . .       Spirit   .     (no gloves)
rMut   .         Warding  .     (no boots)
Saprov . . .     Stasis   +     (no amulet)
                                (no ring)
                                (no ring)

@: slightly resistant to hostile enchantments, extremely unstealthy
A: permanent stasis, dig shafts and tunnels, four strong arms, poison weakness,
antennae 3, exoskeleton 1
a: Dig, Shaft Self


You were on level 4 of the Dungeon.
You were hungry.

You visited 1 branch of the dungeon, and saw 4 of its levels.

You collected 94 gold pieces.

Inventory:

Hand weapons
 a - a +0,+0 hand axe (weapon)
Armour
 c - a +0 shield (worn)
 n - a +0 plate armour (worn)
Comestibles
 d - 3 bread rations
Scrolls
 e - a scroll of curse armour {unknown}
 h - 3 scrolls of remove curse {unknown}
 i - 2 scrolls of identify {unknown}
 m - 4 scrolls of teleportation {unknown}
Potions
 g - 3 potions of curing
 j - 2 potions of heal wounds {unknown}
 k - a potion of lignification {unknown}
 l - a potion of resistance {unknown}


   Skills:
 + Level 3.6 Fighting
 + Level 2.3 Axes
 + Level 4.5 Armour
 + Level 3.7 Shields


You had 3 spell levels left.
You didn't know any spells.

Dungeon Overview and Level Annotations

Branches:
Dungeon (4/16)
 Temple: D:4-7

Altars:

Annotations:
D:3 Grinder


Innate Abilities, Weirdness & Mutations

Your are under a permanent stasis effect.
You can dig through walls and to a lower floor.
Your four strong arms can wield any weapon, most with a shield.
You are susceptible to poison.
You have a pair of large antennae on your head (SInv).
Your body is surrounded by an exoskeleton. (HP +5, AC +1)


Message History

You block the orc wizard's attack.
The orc priest hits you with an orcish club.
* * * LOW HITPOINT WARNING * * *
The orc wizard points at you and mumbles some strange words.
You resist.
The orc wizard hits you but does no damage.
You hit the orc wizard.
The orc wizard is moderately wounded.
The orc wizard gestures wildly while chanting.
The orc wizard blinks!
The orc wizard points at you and mumbles some strange words.
You block the puff of flame.
The orc priest hits you but does no damage.
The orc wizard hits you but does no damage.
The orc wizard casts a spell at you. The magic dart hits you!
* * * LOW HITPOINT WARNING * * *
The orc wizard casts a spell at you. The magic dart hits you!
You die...

......#..##......#
####.....##..###.#
>..............#.#
#######..........#
#..##.%#.###
#..##..#o#
#..##..#o######.#
...##..o.o......#
##.##.##@########
..##. #.# ####.
#o# ## ###


You could see an orc priest, 3 orc wizards and an orc.

Vanquished Creatures
  A worker ant (D:4)
  2 adders (D:2)
  A worm (D:2)
  A ball python (D:2)
  2 goblins
  7 hobgoblins
  5 kobolds
  3 bats
  2 giant cockroaches (D:2)
  2 giant geckos (D:1)
  2 giant newts (D:1)
  2 rats (D:1)
30 creatures vanquished.

Notes
Turn   | Place    | Note
--------------------------------------------------------------
     0 | D:1      | Mitsuki, the Formicid Fighter, began the quest for the Orb.
     0 | D:1      | Reached XP level 1. HP: 19/19 MP: 1/1
     2 | D:1      | Noticed a vampire
     4 | D:1      | Noticed a dwarf
     4 | D:1      | Noticed a naga
     6 | D:1      | Noticed a merfolk
     6 | D:1      | Noticed an elf
     8 | D:1      | Noticed a draconian
     8 | D:1      | Noticed a troll
    10 | D:1      | Noticed a felid
    10 | D:1      | Noticed a spriggan
    12 | D:1      | Noticed a human
    12 | D:1      | Noticed an octopode
    14 | D:1      | Noticed a tengu
    16 | D:1      | Noticed a ghoul
    16 | D:1      | Noticed a minotaur
    18 | D:1      | Noticed an ogre
    20 | D:1      | Noticed a demonspawn
    22 | D:1      | Noticed a demigod
    22 | D:1      | Noticed a centaur
   146 | D:1      | Reached XP level 2. HP: 24/24 MP: 2/2
   824 | D:2      | Reached skill level 4 in Armour
   824 | D:2      | Reached XP level 3. HP: 9/28 MP: 3/3
  1144 | D:2      | Reached XP level 4. HP: 33/33 MP: 4/4
  1559 | D:3      | Noticed Grinder
  1563 | D:3      | You fall through a shaft!
  1613 | D:4      | Killed from afar by an orc wizard

Action                   |  1- 3 |  4- 6 || total
-------------------------+-------+-------++-------
Melee: Hand axe          |   123 |    50 ||   173
 Abil: Shaft Self        |       |     1 ||     1
  Use: Potion            |     1 |       ||     1
